Description

this game was vs Neeb during the most recent WCS tournament which he won. the turrets he places down during the end of the build are in reaction to Dt's so keep in mind that it is not part of the actual build. i cut the build off where he gets his 3rd CC and 2 extra barracks. id recommend watching the replay that is attached to this build order to see how he plays with this build.

Replay - Orbital+Shipyard+%28126%29

Build Order

Get SALT Encoding   

  12  0:00  SCV  
  13  0:13  SCV  
  14  0:17  Supply Depot  
  14  0:25  SCV  
  15  0:39  SCV  
  15  0:40  Barracks  
  16  0:43  Refinery  
  16  0:51  SCV  
  17  1:03  SCV  
  18  1:15  SCV  
  19  1:27  Orbital Command  
  19  1:28  Reaper  
  20  1:39  Command Center  
  20  1:51  Supply Depot  
  20  1:53  SCV  
  21  2:00  Barracks Reactor  
  21  2:05  SCV  
  22  2:09  Barracks  
  22  2:17  SCV  
  22  2:20  Factory  
  23  2:29  SCV  
  24  2:33  Refinery  
  24  2:36  Marine x2  
  26  2:41  SCV  
  27  2:51  Orbital Command  
  27  2:53  SCV  
  27  2:56  Marine x2  
  27  2:57  Barracks Tech Lab  
  30  3:05  SCV  
  30  3:09  Starport  
  30  3:12  Widow Mine  
  31  3:16  SCV  
  31  3:17  SCV  
  35  3:22  Marine x2  
  37  3:28  SCV  
  37  3:29  Stimpack  
  37  3:30  SCV  
  37  3:33  Supply Depot  
  39  3:40  SCV  
  40  3:42  SCV  
  40  3:45  Medivac  
  43  3:52  SCV  
  43  3:54  SCV  
  43  3:55  Marine x3  
  48  3:56  Supply Depot  
  48  3:57  Factory Reactor  
  48  4:04  SCV  
  48  4:06  SCV  
  48  4:08  Engineering Bay  
  50  4:14  Marine x3  
  50  4:16  SCV  
  53  4:18  SCV  
  53  4:19  Supply Depot  
  54  4:29  SCV  
  54  4:30  SCV  
  56  4:32  Marine x3  
  56  4:33  Supply Depot  
  56  4:38  Medivac  
  61  4:40  Medivac  
  61  4:42  SCV, Factory Reactor  
  64  4:47  Barracks  
  64  4:52  SCV  
  65  4:54  SCV, Missile Turret  
  65  4:55  Refinery  
  65  4:56  Marine x2, Marauder  
  70  5:04  SCV, Supply Depot  
  70  5:06  SCV  
  72  5:08  Viking  
  74  5:18  Missile Turret  
  72  5:26  Missile Turret  
  72  5:28  Marine x2, Marauder  
  76  5:49  Marine x4  
  80  5:50  SCV x2, Marauder  
  80  5:53  Combat Shields  
  80  5:54  Supply Depot  
  80  5:55  Barracks x2  
  83  5:58  Command Center  
  83  5:59  Medivac  
Spawning Tool Build Advisor. Get it on Overwolf

Analysis

the purpose of the build is to get damage done with the mine drop and then walk across the map with finished stim and 1-2 medivacs to try and delay or cancel a third base. Polt is unable to do that in the replay because of the DT's keeping him in the base but he was able to get a sizable amount of probe kills.

Go to:

Details

  • Created by: Tygo
  • Published on: Mar 20, 2016
  • Modified on: Mar 20, 2016
  • Patch: Pre-3.8.0
Show
View Real Time Build Order
Export as new Build Order

Comments (2)

On May 16, 2016, 11:04 a.m., Chaos  said:

But don't get me wrong, that minor issue isn't the only number that is off and it isn't just this build order.

On May 16, 2016, 11:03 a.m., Chaos  said:

There seems to be a common theme across this site for the build orders it seems. Your numbers are off. Your rax says 15 supply instead of 16 supply implying you stop scv production.

Create an account to comment!